Maple Leafs vs Canadiens
(R2)
Created - March 18, 2021 at 20:11
Goals
|
Maple Leafs |
0 |
3 |
1 |
0 |
1 |
4 |
Canadiens |
0 |
1 |
3 |
0 |
2 |
5 |
|
Shots
|
Maple Leafs |
6 |
13 |
12 |
3 |
5 |
34 |
Canadiens |
5 |
13 |
13 |
0 |
5 |
31 |
|
1st period
No Goal
Penalties :
Brady Skjei (Mon) for Tripping (Minor) at 0:42, Ryan Parent (Tor) for Holding Stick (Minor) at 4:47, Tom Wilson (Mon) for Delaying the game (Minor) at 11:14, Blake Comeau (Tor) for Cross-checking (Minor) at 15:06, Cameron Gaunce (Mon) for Tripping (Minor) at 17:22
2nd period
1. Canadiens , Dustin Boyd 7 (Brady Skjei 29, Travis Hamonic 16) at 3:04
2. Maple Leafs , Patrick Kane 39 (Brayden Schenn 35) at 9:45 (PP)
3. Maple Leafs , Logan Couture 12 (John Klingberg 33, Kevin Shattenkirk 58) at 13:49
4. Maple Leafs , Beau Bennett 10 (Andre Burakovsky 12) at 19:55
Penalties :
Steve Downie (Mon) for Roughing (Minor) at 3:28, Cameron Gaunce (Mon) for Hooking (Minor) at 9:28, Claude Giroux (Tor) for Interference (Minor) at 14:13, Jake Guentzel (Tor) for Diving (Minor) at 16:48
3rd period
5. Canadiens , Steve Downie 15 (Evgeni Malkin 32, Chris Kreider 26) at 3:31
6. Canadiens , Dustin Boyd 8 (Benoit Pouliot 29, Travis Hamonic 17) at 13:46
7. Canadiens , Greg Stewart 20 (Dave Bolland 21, Tom Wilson 10) at 14:08 (PP)
8. Maple Leafs , Patrick Kane 40 (Claude Giroux 29) at 19:17
Penalties :
Philip Larsen (Mon) for Holding (Minor) at 6:50, Dustin Boyd (Mon) for Tripping (Minor) at 10:29, Patrick Kane (Tor) for Holding (Minor) at 11:17, Patrick Kane (Tor) for Hooking (Minor) at 13:55
Overtime #1
No Goal
Penalties :
No Penalty
Shootout
Maple Leafs, Claude Giroux - Shot Misses the Net
Canadiens, Chris Kreider - Stopped by John Gibson
Maple Leafs, Patrick Kane - Goal!
Canadiens, Evgeni Malkin - Stopped by John Gibson
Maple Leafs, Brayden Schenn - Shot Misses the Net
Canadiens, Greg Stewart - Goal!
Maple Leafs, Ben Smith - Stopped by Allen York
Canadiens, Steve Downie - Stopped by John Gibson
Maple Leafs, Logan Couture - Shot Misses the Net
Canadiens, Dave Bolland - Goal!
Penalties :
No Penalty
Goalie Stats
John Gibson (Tor), 27 saves from 31 shots - (0.871), OTL, 13-15-5, 64:28 minutes
Allen York (Mon), 30 saves from 34 shots - (0.882), W, 3-5-2, 65:00 minutes
Players Stats for Maple Leafs
Player Name G A P +/- PIM S H SB GA TA FO MP PP MP PK MP
------------------------------------------------------------------------------------
Andre Burakovsky 0 1 1 1 0 1 1 0 0 0 0/0 9:57 0:00 0:26
Beau Bennett 1 0 1 1 0 1 0 0 0 0 0/0 9:27 0:00 0:00
Ben Smith 0 0 0 0 0 1 2 0 0 0 0/0 13:13 4:26 0:00
Blake Comeau 0 0 0 -1 2 0 0 0 0 0 0/0 7:09 0:00 0:00
Brayden Schenn 0 1 1 0 0 3 1 1 0 1 12/34 25:08 6:34 3:13
Braydon Coburn 0 0 0 2 0 2 0 2 0 0 0/0 23:06 4:03 3:52
Calvin de Haan 0 0 0 -3 0 0 1 0 0 0 0/0 9:47 0:00 0:00
Chris Kelly 0 0 0 -1 0 0 0 0 0 1 1/1 8:51 0:00 1:14
Claude Giroux 0 1 1 0 2 6 2 1 4 1 2/3 25:42 6:34 4:39
Dany Heatley 0 0 0 -1 0 0 0 1 0 0 0/0 9:34 0:00 1:03
Hampus Lindholm 0 0 0 2 0 2 2 1 0 0 0/0 23:06 4:03 3:52
Jake Guentzel 0 0 0 0 2 2 1 0 1 0 0/0 13:50 4:26 0:00
John Klingberg 0 1 1 1 0 1 4 3 1 1 0/0 32:07 6:57 5:05
Kevin Shattenkirk 0 1 1 1 0 5 3 1 1 0 0/0 32:07 6:57 5:05
Logan Couture 1 0 1 0 0 1 1 0 0 0 6/18 21:07 4:26 5:13
Mika Zibanejad 0 0 0 1 0 2 0 1 1 0 5/7 11:31 0:00 0:07
Patrick Kane 2 0 2 0 4 5 2 0 1 0 1/4 24:18 6:33 1:59
Ryan Parent 0 0 0 -3 2 2 0 1 0 0 0/0 9:46 0:00 0:00
Players Stats for Canadiens
Player Name G A P +/- PIM S H SB GA TA FO MP PP MP PK MP
------------------------------------------------------------------------------------
Benoit Pouliot 0 1 1 2 0 3 2 1 0 0 0/0 12:10 0:22 1:29
Brady Skjei 0 1 1 0 2 2 0 2 1 1 0/0 22:28 4:37 0:19
Brett Maclean 0 0 0 0 0 1 0 1 0 0 0/0 6:05 0:00 0:00
Bryce Lampman 0 0 0 0 0 2 3 4 0 0 0/0 25:52 4:00 6:52
Cameron Gaunce 0 0 0 0 4 1 0 2 0 1 0/0 18:22 4:20 0:00
Chris Kreider 0 1 1 1 0 1 0 4 1 0 1/3 19:07 4:15 0:35
Dave Bolland 0 1 1 -3 0 4 2 1 0 0 12/18 19:52 4:20 1:12
Dustin Boyd 2 0 2 2 2 3 4 0 0 1 5/9 14:19 0:22 3:00
Evgeni Malkin 0 1 1 1 0 3 0 0 1 2 14/18 17:52 4:37 0:00
Greg Stewart 1 0 1 -3 0 5 2 2 1 0 1/2 21:31 4:20 3:14
Jordan Szwarz 0 0 0 2 0 1 1 0 0 0 0/0 8:52 0:00 0:00
Mark Stuart 0 0 0 0 0 0 1 1 0 1 0/0 23:04 0:37 6:22
Nick Spaling 0 0 0 0 0 0 3 0 0 1 6/13 13:11 0:00 6:48
Philip Larsen 0 0 0 -1 2 1 0 1 0 0 0/0 15:10 0:00 3:49
Pierre-Marc Bouchard 0 0 0 0 0 0 0 0 0 0 0/0 5:49 0:00 0:00
Steve Downie 1 0 1 0 2 2 2 1 0 1 0/1 22:59 4:15 5:42
Tom Wilson 0 1 1 -2 2 1 2 0 0 0 1/3 15:28 4:20 0:00
Travis Hamonic 0 2 2 1 0 1 1 2 0 1 0/0 25:30 4:20 4:38
3 Stars
1 - Dustin Boyd (Mon)
2 - Travis Hamonic (Mon)
3 - Benoit Pouliot (Mon)
Power Play
Maple Leafs - 1 on 8 Attempt(s) - 12.50%
Canadiens - 1 on 5 Attempt(s) - 20.00%
Penalty Kill
Maple Leafs - 4 on 5 Attempt(s) - 80.00%
- Score 0 goal in Penalty Kill
Canadiens - 7 on 8 Attempt(s) - 87.50%
- Score 0 goal in Penalty Kill
Team Stat
Maple Leafs - Hits : 20 - Faceoff Wins : 27 - Blocked Shots : 12 - Penalty Minutes : 12
Canadiens - Hits : 23 - Faceoff Wins : 40 - Blocked Shots : 22 - Penalty Minutes : 14
Official
Referees : Unknown
Linesman : Unknown
Game Notes
11:11 of 1st period - Penalty Shot by Bryce Lampman for Canadiens - Stopped by John Gibson
Finance
Level 1 -- Attendance: 5562 (92.70%) -- Ticket Income $567,324
Level 2 -- Attendance: 4653 (93.06%) -- Ticket Income $307,098
Level 3 -- Attendance: 1966 (98.30%) -- Ticket Income $82,572
Level 4 -- Attendance: 3849 (96.23%) -- Ticket Income $107,772
Luxury Box -- Attendance: 892 (89.20%) -- Ticket Income $162,344
Game was played at the Centre Bell.
Total Attendance: 16922 (94.01%)
Total Ticket Income: $1,227,110
Other Income: $184,066
Total Income: $1,411,176
Maple Leafs
5 vs 5 Forward
Center Left Wing Right Wing Time % Phy DF OF
1 Brayden Schenn Claude Giroux Patrick Kane 40 1 2 2
2 Logan Couture Jake Guentzel Ben Smith 30 1 2 2
3 Mika Zibanejad Andre Burakovsky Beau Bennett 20 1 2 2
4 Chris Kelly Dany Heatley Blake Comeau 10 1 2 2
5 vs 5 Defense
Defense Defense Time % Phy DF OF
1 Kevin Shattenkirk John Klingberg 40 1 2 2
2 Braydon Coburn Hampus Lindholm 30 1 2 2
3 Ryan Parent Calvin de Haan 20 1 2 2
4 Kevin Shattenkirk John Klingberg 10 1 2 2
PowerPlay Forward
Center Left Wing Right Wing Time % Phy DF OF
1 Brayden Schenn Claude Giroux Patrick Kane 60 1 2 2
2 Logan Couture Jake Guentzel Ben Smith 40 1 2 2
PowerPlay Defense
Defense Defense Time % Phy DF OF
1 Kevin Shattenkirk John Klingberg 60 1 2 2
2 Braydon Coburn Hampus Lindholm 40 1 2 2
Penalty Kill 4 Players Forward
Center Wing Time % Phy DF OF
1 Logan Couture Claude Giroux 60 1 2 2
2 Brayden Schenn Patrick Kane 40 1 2 2
Penalty Kill 4 Players Defense
Defense Defense Time % Phy DF OF
1 Kevin Shattenkirk John Klingberg 60 1 2 2
2 Braydon Coburn Hampus Lindholm 40 1 2 2
Penalty Kill - 3 Players Forward
Forward Time % Phy DF OF
1 Brayden Schenn 60 1 2 2
2 Logan Couture 40 1 2 2
Penalty Kill - 3 Players Defense
Defense Defense Time % Phy DF OF
1 Kevin Shattenkirk John Klingberg 60 1 2 2
2 Braydon Coburn Hampus Lindholm 40 1 2 2
4 vs 4 Forward
Center Wing Time % Phy DF OF
1 Logan Couture Patrick Kane 60 1 2 2
2 Brayden Schenn Claude Giroux 40 1 2 2
4 vs 4 Defense
Defense Defense Time % Phy DF OF
1 Kevin Shattenkirk John Klingberg 60 1 2 2
2 Braydon Coburn Hampus Lindholm 40 1 2 2
Last Minutes Offensive
Center Left Wing Right Wing Defense Defense
Brayden Schenn Claude Giroux Patrick Kane Kevin Shattenkirk John Klingberg
Last Minutes Defensive
Center Left Wing Right Wing Defense Defense
Brayden Schenn Claude Giroux Patrick Kane Kevin Shattenkirk Braydon Coburn
Goaltenders
Starting : John Gibson
Backup : Tyler Weiman
Extra Forwards
Normal : Mika Zibanejad, Dany Heatley, Chris Kelly - PP : Mika Zibanejad, Dany Heatley - PK : Chris Kelly
Extra Defensemen
Normal : Ryan Parent, Calvin de Haan, Braydon Coburn - PP : Ryan Parent - PK : Calvin de Haan, Braydon Coburn
Penalty Shots
Claude Giroux, Patrick Kane, Brayden Schenn, Ben Smith, Logan Couture
Scratches
None
Canadiens
5 vs 5 Forward
Center Left Wing Right Wing Time % Phy DF OF
1 Evgeni Malkin Chris Kreider Steve Downie 40 0 1 4
2 Dave Bolland Greg Stewart Tom Wilson 35 0 1 4
3 Dustin Boyd Benoit Pouliot Jordan Szwarz 20 0 1 4
4 Nick Spaling Brett Maclean Pierre-Marc Bouchard 5 5 0 0
5 vs 5 Defense
Defense Defense Time % Phy DF OF
1 Brady Skjei Travis Hamonic 40 1 1 3
2 Mark Stuart Bryce Lampman 30 2 1 2
3 Philip Larsen Cameron Gaunce 20 1 2 2
4 Brady Skjei Bryce Lampman 10 0 1 4
PowerPlay Forward
Center Left Wing Right Wing Time % Phy DF OF
1 Evgeni Malkin Chris Kreider Steve Downie 50 0 0 5
2 Dave Bolland Greg Stewart Tom Wilson 50 0 0 5
PowerPlay Defense
Defense Defense Time % Phy DF OF
1 Brady Skjei Bryce Lampman 50 0 0 5
2 Travis Hamonic Cameron Gaunce 50 0 0 5
Penalty Kill 4 Players Forward
Center Wing Time % Phy DF OF
1 Nick Spaling Steve Downie 60 1 3 1
2 Dustin Boyd Greg Stewart 40 1 3 1
Penalty Kill 4 Players Defense
Defense Defense Time % Phy DF OF
1 Mark Stuart Bryce Lampman 60 1 3 1
2 Philip Larsen Travis Hamonic 40 1 3 1
Penalty Kill - 3 Players Forward
Forward Time % Phy DF OF
1 Dustin Boyd 60 1 4 0
2 Dave Bolland 40 1 4 0
Penalty Kill - 3 Players Defense
Defense Defense Time % Phy DF OF
1 Mark Stuart Bryce Lampman 60 1 4 0
2 Brady Skjei Travis Hamonic 40 1 4 0
4 vs 4 Forward
Center Wing Time % Phy DF OF
1 Dave Bolland Chris Kreider 60 0 2 3
2 Evgeni Malkin Greg Stewart 40 0 2 3
4 vs 4 Defense
Defense Defense Time % Phy DF OF
1 Brady Skjei Mark Stuart 60 0 2 3
2 Cameron Gaunce Travis Hamonic 40 0 2 3
Last Minutes Offensive
Center Left Wing Right Wing Defense Defense
Evgeni Malkin Chris Kreider Steve Downie Brady Skjei Bryce Lampman
Last Minutes Defensive
Center Left Wing Right Wing Defense Defense
Dave Bolland Greg Stewart Steve Downie Mark Stuart Bryce Lampman
Goaltenders
Starting : Allen York
Backup : Kristers Gudlevskis
Extra Forwards
Normal : Chris Kreider, Evgeni Malkin, Greg Stewart - PP : Chris Kreider, Evgeni Malkin - PK : Steve Downie
Extra Defensemen
Normal : Brady Skjei, Travis Hamonic, Bryce Lampman - PP : Brady Skjei - PK : Travis Hamonic, Bryce Lampman
Penalty Shots
Chris Kreider, Evgeni Malkin, Greg Stewart, Steve Downie, Dave Bolland
Scratches
Nikolai Zherdev (Healthy), Viktor Stalberg (Healthy)
% Time on Ice - Maple Leafs
Lines # - Real PCT - Wanted PCT - Time Play
Normal Forward
1 - 33% - 40% - 12:50
2 - 25% - 30% - 9:42
3 - 24% - 20% - 9:27
4 - 18% - 10% - 6:53
Normal Defense
1 - 44% - 40% - 16:57
2 - 34% - 30% - 13:06
3 - 23% - 20% - 8:49
4 - 0% - 10% - 0:00
PP Forward
1 - 60% - 60% - 6:34
2 - 40% - 40% - 4:26
PP Defense
1 - 63% - 60% - 6:57
2 - 37% - 40% - 4:03
PK Forward
1 - 77% - 60% - 6:51
2 - 23% - 40% - 2:06
PK Defense
1 - 57% - 60% - 5:05
2 - 43% - 40% - 3:52
PK3 Forward
1 - 0% - 60%
2 - 0% - 40%
PK3 Defense
1 - 0% - 60%
2 - 0% - 40%
44 Forward
1 - 74% - 60% - 4:33
2 - 26% - 40% - 1:38
44 Defense
1 - 66% - 60% - 4:06
2 - 34% - 40% - 2:05
Last Minute Offensive - 0:00
Last Minute Defensive - 0:00
Total
Forward - 65:00
Defense - 65:00
|
% Time on Ice - Canadiens
Lines # - Real PCT - Wanted PCT - Time Play
Normal Forward
1 - 32% - 40% - 12:09
2 - 30% - 35% - 11:35
3 - 23% - 20% - 8:52
4 - 15% - 5% - 5:49
Normal Defense
1 - 38% - 40% - 14:37
2 - 34% - 30% - 13:00
3 - 27% - 20% - 10:22
4 - 1% - 10% - 0:26
PP Forward
1 - 52% - 50% - 4:37
2 - 48% - 50% - 4:20
PP Defense
1 - 52% - 50% - 4:37
2 - 48% - 50% - 4:20
PK Forward
1 - 71% - 60% - 7:46
2 - 29% - 40% - 3:14
PK Defense
1 - 58% - 60% - 6:22
2 - 42% - 40% - 4:38
PK3 Forward
1 - 0% - 60%
2 - 0% - 40%
PK3 Defense
1 - 0% - 60%
2 - 0% - 40%
44 Forward
1 - 92% - 60% - 5:40
2 - 8% - 40% - 0:31
44 Defense
1 - 57% - 60% - 3:30
2 - 43% - 40% - 2:41
Last Minute Offensive - 0:00
Last Minute Defensive - 0:27
Total
Forward - 65:00
Defense - 65:00
|
Play-by-Play
1st period
0:01 of 1st period - Evgeni Malkin wins face-off versus Brayden Schenn in neutral zone.
0:42 of 1st period - Minor Penalty to Brady Skjei for Tripping.
0:43 of 1st period - Nick Spaling wins face-off versus Brayden Schenn in Canadiens zone.
0:52 of 1st period - Nick Spaling is hit by John Klingberg and loses puck.
1:32 of 1st period - Off-side.
1:33 of 1st period - Dustin Boyd wins face-off versus Brayden Schenn in neutral zone.
2:13 of 1st period - Icing by Patrick Kane.
2:14 of 1st period - Brayden Schenn wins face-off versus Nick Spaling in Maple Leafs zone.
2:42 of 1st period - Penalty to Brady Skjei is over, Brady Skjei is back on ice.
3:28 of 1st period - Slapshot by Dave Bolland.
3:28 of 1st period - Shot Blocked by Braydon Coburn.
3:58 of 1st period - Ben Smith is hit by Tom Wilson and loses puck.
4:47 of 1st period - Minor Penalty to Ryan Parent for Holding Stick.
4:48 of 1st period - Evgeni Malkin wins face-off versus Logan Couture in Maple Leafs zone.
4:59 of 1st period - Wrist shot by Evgeni Malkin.
4:59 of 1st period - Stopped by John Gibson without a rebound.
5:00 of 1st period - Dave Bolland wins face-off versus Logan Couture in Maple Leafs zone.
5:03 of 1st period - Snap shot by Dave Bolland.
5:03 of 1st period - Deflect By Tom Wilson.
5:03 of 1st period - Shot Blocked by John Klingberg.
5:03 of 1st period - Puck is out of play.
5:04 of 1st period - Logan Couture wins face-off versus Tom Wilson in Maple Leafs zone.
6:47 of 1st period - Penalty to Ryan Parent is over, Ryan Parent is back on ice.
7:03 of 1st period - John Klingberg is hit by Dustin Boyd and loses puck.
7:24 of 1st period - Slapshot by Ryan Parent.
7:24 of 1st period - Deflect By Chris Kelly.
7:24 of 1st period - Shot Misses the Net.
7:24 of 1st period - Puck is out of play.
7:25 of 1st period - Brayden Schenn wins face-off versus Tom Wilson in Canadiens zone.
7:28 of 1st period - Snap shot by Claude Giroux.
7:28 of 1st period - Shot Blocked by Greg Stewart.
7:30 of 1st period - Slapshot by Hampus Lindholm.
7:30 of 1st period - Shot Blocked by Cameron Gaunce.
7:34 of 1st period - Snap shot by Claude Giroux.
7:34 of 1st period - Stopped by Allen York with a rebound.
7:50 of 1st period - Ben Smith is hit by Dustin Boyd and loses puck.
7:57 of 1st period - Slapshot by Braydon Coburn.
7:57 of 1st period - Shot Blocked by Benoit Pouliot.
9:00 of 1st period - Greg Stewart is hit by John Klingberg and loses puck.
9:07 of 1st period - Slapshot by Logan Couture.
9:07 of 1st period - Shot Misses the Net.
9:09 of 1st period - Slapshot by Ben Smith.
9:09 of 1st period - Stopped by Allen York with a rebound.
9:11 of 1st period - Slapshot by Kevin Shattenkirk.
9:11 of 1st period - Stopped by Allen York with a rebound.
10:56 of 1st period - Slapshot by Cameron Gaunce.
10:56 of 1st period - Stopped by John Gibson without a rebound.
10:57 of 1st period - Evgeni Malkin wins face-off versus Brayden Schenn in Maple Leafs zone.
11:11 of 1st period - Penalty Shot by Bryce Lampman for Canadiens.
11:11 of 1st period - Snap shot by Bryce Lampman.
11:11 of 1st period - Stopped by John Gibson.
11:12 of 1st period - Dave Bolland wins face-off versus Logan Couture in Canadiens zone.
11:14 of 1st period - Minor Penalty to Tom Wilson for Delaying the game.
11:15 of 1st period - Nick Spaling wins face-off versus Brayden Schenn in Canadiens zone.
11:27 of 1st period - Nick Spaling is hit by Patrick Kane and loses puck.
11:46 of 1st period - Snap shot by Kevin Shattenkirk.
11:46 of 1st period - Deflect By Mark Stuart.
11:46 of 1st period - Stopped by Allen York with a rebound.
11:48 of 1st period - Snap shot by Logan Couture.
11:48 of 1st period - Deflect By Jake Guentzel.
11:48 of 1st period - Shot Blocked by Bryce Lampman.
11:48 of 1st period - Puck is out of play.
11:49 of 1st period - Dustin Boyd wins face-off versus Brayden Schenn in Canadiens zone.
13:14 of 1st period - Penalty to Tom Wilson is over, Tom Wilson is back on ice.
13:26 of 1st period - Dave Bolland is hit by John Klingberg and loses puck.
14:11 of 1st period - Ryan Parent is hit by Tom Wilson and loses puck.
14:28 of 1st period - Slapshot by Bryce Lampman.
14:28 of 1st period - Shot Misses the Net.
14:46 of 1st period - Hampus Lindholm is hit by Nick Spaling.
14:57 of 1st period - Bryce Lampman is hit by Hampus Lindholm and loses puck.
15:06 of 1st period - Minor Penalty to Blake Comeau for Cross-checking.
15:07 of 1st period - Logan Couture wins face-off versus Dave Bolland in Maple Leafs zone.
15:07 of 1st period - Logan Couture is hit by Travis Hamonic.
16:11 of 1st period - Wrist shot by Patrick Kane.
16:11 of 1st period - Stopped by Allen York without a rebound.
16:12 of 1st period - Brayden Schenn wins face-off versus Dave Bolland in Canadiens zone.
16:21 of 1st period - Wrist shot by Brayden Schenn.
16:21 of 1st period - Stopped by Allen York without a rebound.
16:22 of 1st period - Tom Wilson wins face-off versus Logan Couture in Canadiens zone.
16:31 of 1st period - Wrist shot by Greg Stewart.
16:31 of 1st period - Shot Misses the Net.
16:33 of 1st period - Snap shot by Greg Stewart.
16:33 of 1st period - Stopped by John Gibson without a rebound.
16:34 of 1st period - Logan Couture wins face-off versus Chris Kreider in Maple Leafs zone.
17:06 of 1st period - Penalty to Blake Comeau is over, Blake Comeau is back on ice.
17:22 of 1st period - Minor Penalty to Cameron Gaunce for Tripping.
17:23 of 1st period - Nick Spaling wins face-off versus Brayden Schenn in Canadiens zone.
17:29 of 1st period - Wrist shot by Steve Downie.
17:29 of 1st period - Stopped by John Gibson with a rebound.
17:31 of 1st period - Backhand shot by Bryce Lampman.
17:31 of 1st period - Shot Blocked by Brayden Schenn.
17:33 of 1st period - Wrist shot by Nick Spaling.
17:33 of 1st period - Shot Misses the Net.
17:35 of 1st period - Wrist shot by Steve Downie.
17:35 of 1st period - Shot Hit the Post.
17:37 of 1st period - Snap shot by Nick Spaling.
17:37 of 1st period - Shot Misses the Net.
17:39 of 1st period - Slapshot by Bryce Lampman.
17:39 of 1st period - Stopped by John Gibson without a rebound.
17:40 of 1st period - Claude Giroux wins face-off versus Nick Spaling in Maple Leafs zone.
18:05 of 1st period - Wrist shot by Jake Guentzel.
18:05 of 1st period - Shot Misses the Net.
18:07 of 1st period - Snap shot by Jake Guentzel.
18:07 of 1st period - Shot Misses the Net.
19:15 of 1st period - John Klingberg is hit by Nick Spaling.
19:22 of 1st period - Penalty to Cameron Gaunce is over, Cameron Gaunce is back on ice.
19:29 of 1st period - Slapshot by Greg Stewart.
19:29 of 1st period - Shot Misses the Net.
19:39 of 1st period - Slapshot by John Klingberg.
19:39 of 1st period - Shot Blocked by Brady Skjei.
19:58 of 1st period - Slapshot by Hampus Lindholm.
19:58 of 1st period - Shot Blocked by Chris Kreider.
Goals for this period are 0 for Maple Leafs vs 0 for Canadiens.
Shots for this period are 6 for Maple Leafs vs 5 for Canadiens.
2nd period
0:01 of 2nd period - Evgeni Malkin wins face-off versus Brayden Schenn in neutral zone.
0:13 of 2nd period - Wrist shot by Claude Giroux.
0:13 of 2nd period - Deflect By Steve Downie.
0:13 of 2nd period - Stopped by Allen York with a rebound.
0:24 of 2nd period - Icing by Kevin Shattenkirk.
0:25 of 2nd period - Dave Bolland wins face-off versus Brayden Schenn in Maple Leafs zone.
0:26 of 2nd period - Slapshot by Brady Skjei.
0:26 of 2nd period - Shot Misses the Net.
0:28 of 2nd period - Wrist shot by Dave Bolland.
0:28 of 2nd period - Stopped by John Gibson without a rebound.
0:29 of 2nd period - Dave Bolland wins face-off versus Brayden Schenn in Maple Leafs zone.
0:32 of 2nd period - Wrist shot by Greg Stewart.
0:32 of 2nd period - Deflect By Tom Wilson.
0:32 of 2nd period - Stopped by John Gibson without a rebound.
0:33 of 2nd period - Dave Bolland wins face-off versus Brayden Schenn in Maple Leafs zone.
1:34 of 2nd period - Bryce Lampman is hit by Kevin Shattenkirk and loses puck.
2:19 of 2nd period - Wrist shot by Greg Stewart.
2:19 of 2nd period - Shot Blocked by Braydon Coburn.
2:37 of 2nd period - Wrist shot by Chris Kreider.
2:37 of 2nd period - Shot Misses the Net.
2:39 of 2nd period - Snap shot by Steve Downie.
2:39 of 2nd period - Shot Misses the Net.
2:49 of 2nd period - Snap shot by Benoit Pouliot.
2:49 of 2nd period - Stopped by John Gibson without a rebound.
2:50 of 2nd period - Logan Couture wins face-off versus Dustin Boyd in Maple Leafs zone.
2:55 of 2nd period - Dustin Boyd is hit by Ben Smith and loses puck.
3:04 of 2nd period - Wrist shot by Dustin Boyd.
3:04 of 2nd period - Goal by Dustin Boyd - Maple Leafs : 0 - Canadiens : 1.
3:05 of 2nd period - Brayden Schenn wins face-off versus Evgeni Malkin in neutral zone.
3:28 of 2nd period - Minor Penalty to Steve Downie for Roughing.
3:29 of 2nd period - Nick Spaling wins face-off versus Brayden Schenn in Canadiens zone.
3:35 of 2nd period - Icing by Claude Giroux.
3:36 of 2nd period - Brayden Schenn wins face-off versus Nick Spaling in Maple Leafs zone.
3:36 of 2nd period - Brayden Schenn is hit by Benoit Pouliot.
3:42 of 2nd period - Mark Stuart is hit by Claude Giroux and loses puck.
3:55 of 2nd period - Wrist shot by Brayden Schenn.
3:55 of 2nd period - Shot Misses the Net.
5:28 of 2nd period - Penalty to Steve Downie is over, Steve Downie is back on ice.
5:41 of 2nd period - Dustin Boyd is hit by Calvin de Haan and loses puck.
6:02 of 2nd period - Andre Burakovsky is hit by Steve Downie and loses puck.
7:32 of 2nd period - Beau Bennett is hit by Bryce Lampman and loses puck.
7:49 of 2nd period - Slapshot by Evgeni Malkin.
7:49 of 2nd period - Shot Misses the Net.
8:03 of 2nd period - Wrist shot by Hampus Lindholm.
8:03 of 2nd period - Stopped by Allen York without a rebound.
8:04 of 2nd period - Dustin Boyd wins face-off versus Brayden Schenn in Canadiens zone.
8:48 of 2nd period - Snap shot by Ryan Parent.
8:48 of 2nd period - Stopped by Allen York without a rebound.
8:49 of 2nd period - Chris Kelly wins face-off versus Dave Bolland in Canadiens zone.
9:28 of 2nd period - Minor Penalty to Cameron Gaunce for Hooking.
9:29 of 2nd period - Brayden Schenn wins face-off versus Nick Spaling in Canadiens zone.
9:39 of 2nd period - Snap shot by Claude Giroux.
9:39 of 2nd period - Stopped by Allen York without a rebound.
9:40 of 2nd period - Brayden Schenn wins face-off versus Steve Downie in Canadiens zone.
9:45 of 2nd period - Wrist shot by Patrick Kane.
9:45 of 2nd period - Goal by Patrick Kane - Maple Leafs : 1 - Canadiens : 1.
9:46 of 2nd period - Brayden Schenn wins face-off versus Evgeni Malkin in neutral zone.
10:32 of 2nd period - Snap shot by Mika Zibanejad.
10:32 of 2nd period - Stopped by Allen York with a rebound.
11:22 of 2nd period - Wrist shot by Brayden Schenn.
11:22 of 2nd period - Shot Blocked by Steve Downie.
11:24 of 2nd period - Slapshot by Calvin de Haan.
11:24 of 2nd period - Deflect By Brayden Schenn.
11:24 of 2nd period - Stopped by Allen York with a rebound.
12:30 of 2nd period - Wrist shot by Claude Giroux.
12:30 of 2nd period - Stopped by Allen York with a rebound.
13:10 of 2nd period - Wrist shot by Dave Bolland.
13:10 of 2nd period - Stopped by John Gibson without a rebound.
13:11 of 2nd period - Brayden Schenn wins face-off versus Evgeni Malkin in Maple Leafs zone.
13:22 of 2nd period - Slapshot by Hampus Lindholm.
13:22 of 2nd period - Shot Blocked by Chris Kreider.
13:24 of 2nd period - Wrist shot by Patrick Kane.
13:24 of 2nd period - Stopped by Allen York without a rebound.
13:25 of 2nd period - Evgeni Malkin wins face-off versus Patrick Kane in Canadiens zone.
13:32 of 2nd period - Philip Larsen is hit by John Klingberg and loses puck.
13:37 of 2nd period - Wrist shot by Patrick Kane.
13:37 of 2nd period - Shot Blocked by Chris Kreider.
13:39 of 2nd period - Snap shot by Brayden Schenn.
13:39 of 2nd period - Shot Blocked by Cameron Gaunce.
13:41 of 2nd period - Wrist shot by Claude Giroux.
13:41 of 2nd period - Deflect By Patrick Kane.
13:41 of 2nd period - Shot Misses the Net.
13:41 of 2nd period - Puck is out of play.
13:42 of 2nd period - Logan Couture wins face-off versus Dave Bolland in Canadiens zone.
13:43 of 2nd period - Slapshot by Kevin Shattenkirk.
13:43 of 2nd period - Stopped by Allen York with a rebound.
13:45 of 2nd period - Snap shot by Logan Couture.
13:45 of 2nd period - Shot Blocked by Dave Bolland.
13:47 of 2nd period - Slapshot by John Klingberg.
13:47 of 2nd period - Stopped by Allen York with a rebound.
13:49 of 2nd period - Slapshot by Logan Couture.
13:49 of 2nd period - Goal by Logan Couture - Maple Leafs : 2 - Canadiens : 1.
13:50 of 2nd period - Evgeni Malkin wins face-off versus Brayden Schenn in neutral zone.
13:59 of 2nd period - Wrist shot by Chris Kreider.
13:59 of 2nd period - Shot Misses the Net.
14:01 of 2nd period - Snap shot by Steve Downie.
14:01 of 2nd period - Shot Misses the Net.
14:03 of 2nd period - Slapshot by Travis Hamonic.
14:03 of 2nd period - Shot Blocked by Claude Giroux.
14:05 of 2nd period - Wrist shot by Chris Kreider.
14:05 of 2nd period - Stopped by John Gibson with a rebound.
14:07 of 2nd period - Wrist shot by Evgeni Malkin.
14:07 of 2nd period - Stopped by John Gibson with a rebound.
14:13 of 2nd period - Minor Penalty to Claude Giroux for Interference.
14:14 of 2nd period - Dave Bolland wins face-off versus Logan Couture in Maple Leafs zone.
14:15 of 2nd period - Snap shot by Greg Stewart.
14:15 of 2nd period - Stopped by John Gibson with a rebound.
16:11 of 2nd period - Braydon Coburn is hit by Greg Stewart and loses puck.
16:13 of 2nd period - Penalty to Claude Giroux is over, Claude Giroux is back on ice.
16:22 of 2nd period - Beau Bennett is hit by Dustin Boyd and loses puck.
16:41 of 2nd period - Slapshot by Travis Hamonic.
16:41 of 2nd period - Stopped by John Gibson with a rebound.
16:43 of 2nd period - Snap shot by Brett Maclean.
16:43 of 2nd period - Stopped by John Gibson without a rebound.
16:44 of 2nd period - Dustin Boyd wins face-off versus Mika Zibanejad in Maple Leafs zone.
16:48 of 2nd period - Minor Penalty to Jake Guentzel for Diving.
16:49 of 2nd period - Evgeni Malkin wins face-off versus Logan Couture in Maple Leafs zone.
17:00 of 2nd period - Kevin Shattenkirk is hit by Steve Downie and loses puck.
17:05 of 2nd period - Slapshot by John Klingberg.
17:05 of 2nd period - Shot Blocked by Brady Skjei.
17:15 of 2nd period - Patrick Kane is hit by Bryce Lampman and loses puck.
17:26 of 2nd period - Wrist shot by Greg Stewart.
17:26 of 2nd period - Deflect By Patrick Kane.
17:26 of 2nd period - Shot Blocked by Kevin Shattenkirk.
17:26 of 2nd period - Puck is out of play.
17:27 of 2nd period - Evgeni Malkin wins face-off versus Logan Couture in Maple Leafs zone.
17:42 of 2nd period - Snap shot by Evgeni Malkin.
17:42 of 2nd period - Stopped by John Gibson with a rebound.
17:44 of 2nd period - Snap shot by Steve Downie.
17:44 of 2nd period - Shot Misses the Net.
18:02 of 2nd period - Snap shot by Brady Skjei.
18:02 of 2nd period - Stopped by John Gibson with a rebound.
18:04 of 2nd period - Snap shot by Dave Bolland.
18:04 of 2nd period - Shot Misses the Net.
18:48 of 2nd period - Penalty to Jake Guentzel is over, Jake Guentzel is back on ice.
18:59 of 2nd period - Snap shot by Jordan Szwarz.
18:59 of 2nd period - Shot Blocked by John Klingberg.
19:25 of 2nd period - Slapshot by Brady Skjei.
19:25 of 2nd period - Deflect By John Klingberg.
19:25 of 2nd period - Stopped by John Gibson without a rebound.
19:26 of 2nd period - Dave Bolland wins face-off versus Mika Zibanejad in Maple Leafs zone.
19:34 of 2nd period - Off-side.
19:35 of 2nd period - Mika Zibanejad wins face-off versus Dave Bolland in neutral zone.
19:40 of 2nd period - Brady Skjei is hit by Andre Burakovsky and loses puck.
19:49 of 2nd period - Wrist shot by Andre Burakovsky.
19:49 of 2nd period - Shot Blocked by Travis Hamonic.
19:51 of 2nd period - Slapshot by Andre Burakovsky.
19:51 of 2nd period - Shot Blocked by Greg Stewart.
19:53 of 2nd period - Slapshot by Beau Bennett.
19:53 of 2nd period - Shot Blocked by Travis Hamonic.
19:55 of 2nd period - Snap shot by Beau Bennett.
19:55 of 2nd period - Goal by Beau Bennett - Maple Leafs : 3 - Canadiens : 1.
19:56 of 2nd period - Evgeni Malkin wins face-off versus Claude Giroux in neutral zone.
Goals for this period are 3 for Maple Leafs vs 1 for Canadiens.
Shots for this period are 13 for Maple Leafs vs 13 for Canadiens.
3rd period
0:01 of 3rd period - Evgeni Malkin wins face-off versus Brayden Schenn in neutral zone.
0:59 of 3rd period - Slapshot by Jake Guentzel.
0:59 of 3rd period - Stopped by Allen York with a rebound.
1:18 of 3rd period - Wrist shot by Dustin Boyd.
1:18 of 3rd period - Shot Misses the Net.
1:33 of 3rd period - Braydon Coburn is hit by Nick Spaling and loses puck.
2:14 of 3rd period - Logan Couture is hit by Benoit Pouliot and loses puck.
2:47 of 3rd period - Icing by Bryce Lampman.
2:48 of 3rd period - Nick Spaling wins face-off versus Patrick Kane in Canadiens zone.
2:55 of 3rd period - Patrick Kane is hit by Mark Stuart and loses puck.
3:14 of 3rd period - Nick Spaling is hit by Ben Smith and loses puck.
3:19 of 3rd period - Wrist shot by Jake Guentzel.
3:19 of 3rd period - Stopped by Allen York without a rebound.
3:20 of 3rd period - Evgeni Malkin wins face-off versus Brayden Schenn in Canadiens zone.
3:20 of 3rd period - Evgeni Malkin is hit by Patrick Kane.
3:25 of 3rd period - Off-side.
3:26 of 3rd period - Chris Kreider wins face-off versus Brayden Schenn in neutral zone.
3:26 of 3rd period - Evgeni Malkin is hit by Claude Giroux and loses puck.
3:31 of 3rd period - Snap shot by Steve Downie.
3:31 of 3rd period - Goal by Steve Downie - Maple Leafs : 3 - Canadiens : 2.
3:32 of 3rd period - Evgeni Malkin wins face-off versus Brayden Schenn in neutral zone.
4:18 of 3rd period - Off-side.
4:19 of 3rd period - Mika Zibanejad wins face-off versus Dustin Boyd in neutral zone.
5:12 of 3rd period - Tom Wilson is hit by Jake Guentzel and loses puck.
5:29 of 3rd period - Nick Spaling is hit by Hampus Lindholm and loses puck.
5:53 of 3rd period - Slapshot by Benoit Pouliot.
5:53 of 3rd period - Stopped by John Gibson with a rebound.
5:55 of 3rd period - Wrist shot by Philip Larsen.
5:55 of 3rd period - Stopped by John Gibson with a rebound.
5:57 of 3rd period - Slapshot by Jordan Szwarz.
5:57 of 3rd period - Stopped by John Gibson with a rebound.
5:59 of 3rd period - Wrist shot by Jordan Szwarz.
5:59 of 3rd period - Shot Misses the Net.
6:41 of 3rd period - Wrist shot by Logan Couture.
6:41 of 3rd period - Shot Blocked by Chris Kreider.
6:50 of 3rd period - Minor Penalty to Philip Larsen for Holding.
6:51 of 3rd period - Nick Spaling wins face-off versus Brayden Schenn in Canadiens zone.
7:07 of 3rd period - Wrist shot by Claude Giroux.
7:07 of 3rd period - Stopped by Allen York without a rebound.
7:08 of 3rd period - Patrick Kane wins face-off versus Nick Spaling in Canadiens zone.
7:09 of 3rd period - Wrist shot by Claude Giroux.
7:09 of 3rd period - Shot Blocked by Bryce Lampman.
7:11 of 3rd period - Snap shot by Patrick Kane.
7:11 of 3rd period - Stopped by Allen York without a rebound.
7:12 of 3rd period - Brayden Schenn wins face-off versus Nick Spaling in Canadiens zone.
7:15 of 3rd period - Snap shot by Claude Giroux.
7:15 of 3rd period - Shot Misses the Net.
7:41 of 3rd period - Snap shot by Greg Stewart.
7:41 of 3rd period - Stopped by John Gibson without a rebound.
7:42 of 3rd period - Greg Stewart wins face-off versus Logan Couture in Maple Leafs zone.
8:22 of 3rd period - Steve Downie is hit by Brayden Schenn and loses puck.
8:49 of 3rd period - Icing by Patrick Kane.
8:50 of 3rd period - Penalty to Philip Larsen is over, Philip Larsen is back on ice.
8:50 of 3rd period - Claude Giroux wins face-off versus Dave Bolland in Maple Leafs zone.
8:50 of 3rd period - Claude Giroux is hit by Dave Bolland.
9:35 of 3rd period - Snap shot by Mika Zibanejad.
9:35 of 3rd period - Stopped by Allen York with a rebound.
9:38 of 3rd period - Icing by Cameron Gaunce.
9:39 of 3rd period - Logan Couture wins face-off versus Evgeni Malkin in Canadiens zone.
10:29 of 3rd period - Minor Penalty to Dustin Boyd for Tripping.
10:30 of 3rd period - Brayden Schenn wins face-off versus Nick Spaling in Canadiens zone.
10:44 of 3rd period - Wrist shot by Claude Giroux.
10:44 of 3rd period - Shot Blocked by Mark Stuart.
10:46 of 3rd period - Slapshot by Kevin Shattenkirk.
10:46 of 3rd period - Shot Blocked by Bryce Lampman.
11:17 of 3rd period - Minor Penalty to Patrick Kane for Holding.
11:18 of 3rd period - Dave Bolland wins face-off versus Logan Couture in Maple Leafs zone.
11:27 of 3rd period - Slapshot by Dave Bolland.
11:27 of 3rd period - Shot Misses the Net.
11:59 of 3rd period - Slapshot by Kevin Shattenkirk.
11:59 of 3rd period - Stopped by Allen York with a rebound.
12:05 of 3rd period - Chris Kelly is hit by Greg Stewart and loses puck.
12:29 of 3rd period - Penalty to Dustin Boyd is over, Dustin Boyd is back on ice.
13:17 of 3rd period - Penalty to Patrick Kane is over, Patrick Kane is back on ice.
13:22 of 3rd period - Snap shot by Andre Burakovsky.
13:22 of 3rd period - Shot Blocked by Brett Maclean.
13:24 of 3rd period - Slapshot by Hampus Lindholm.
13:24 of 3rd period - Stopped by Allen York with a rebound.
13:26 of 3rd period - Slapshot by Braydon Coburn.
13:26 of 3rd period - Stopped by Allen York with a rebound.
13:28 of 3rd period - Snap shot by Andre Burakovsky.
13:28 of 3rd period - Stopped by Allen York with a rebound.
13:30 of 3rd period - Slapshot by Braydon Coburn.
13:30 of 3rd period - Stopped by Allen York with a rebound.
13:32 of 3rd period - Wrist shot by Beau Bennett.
13:32 of 3rd period - Shot Misses the Net.
13:44 of 3rd period - Slapshot by Benoit Pouliot.
13:44 of 3rd period - Stopped by John Gibson with a rebound.
13:46 of 3rd period - Wrist shot by Dustin Boyd.
13:46 of 3rd period - Goal by Dustin Boyd - Maple Leafs : 3 - Canadiens : 3.
13:47 of 3rd period - Dave Bolland wins face-off versus Patrick Kane in neutral zone.
13:55 of 3rd period - Minor Penalty to Patrick Kane for Hooking.
13:56 of 3rd period - Dave Bolland wins face-off versus Logan Couture in Maple Leafs zone.
13:58 of 3rd period - Snap shot by Greg Stewart.
13:58 of 3rd period - Stopped by John Gibson without a rebound.
13:59 of 3rd period - Dave Bolland wins face-off versus Logan Couture in Maple Leafs zone.
14:08 of 3rd period - Slapshot by Greg Stewart.
14:08 of 3rd period - Goal by Greg Stewart - Maple Leafs : 3 - Canadiens : 4.
14:09 of 3rd period - Evgeni Malkin wins face-off versus Brayden Schenn in neutral zone.
14:12 of 3rd period - Slapshot by Travis Hamonic.
14:12 of 3rd period - Shot Misses the Net.
14:18 of 3rd period - Slapshot by Kevin Shattenkirk.
14:18 of 3rd period - Shot Misses the Net.
14:20 of 3rd period - Slapshot by Kevin Shattenkirk.
14:20 of 3rd period - Stopped by Allen York without a rebound.
14:21 of 3rd period - Evgeni Malkin wins face-off versus Brayden Schenn in Canadiens zone.
14:58 of 3rd period - Wrist shot by Dave Bolland.
14:58 of 3rd period - Stopped by John Gibson with a rebound.
15:40 of 3rd period - Snap shot by Dustin Boyd.
15:40 of 3rd period - Shot Blocked by Dany Heatley.
15:46 of 3rd period - Snap shot by Dustin Boyd.
15:46 of 3rd period - Deflect By Blake Comeau.
15:46 of 3rd period - Stopped by John Gibson with a rebound.
15:48 of 3rd period - Slapshot by Brady Skjei.
15:48 of 3rd period - Shot Blocked by Hampus Lindholm.
16:30 of 3rd period - Icing by Tom Wilson.
16:31 of 3rd period - Mika Zibanejad wins face-off versus Greg Stewart in Canadiens zone.
16:38 of 3rd period - Snap shot by Bryce Lampman.
16:38 of 3rd period - Stopped by John Gibson with a rebound.
16:40 of 3rd period - Snap shot by Dave Bolland.
16:40 of 3rd period - Shot Blocked by Mika Zibanejad.
16:42 of 3rd period - Snap shot by Dave Bolland.
16:42 of 3rd period - Stopped by John Gibson without a rebound.
16:43 of 3rd period - Mika Zibanejad wins face-off versus Dustin Boyd in Maple Leafs zone.
16:43 of 3rd period - Mika Zibanejad is hit by Jordan Szwarz.
17:41 of 3rd period - Snap shot by Dave Bolland.
17:41 of 3rd period - Shot Blocked by Ryan Parent.
18:45 of 3rd period - Maple Leafs, John Gibson is pulled from the net.
18:55 of 3rd period - Brady Skjei is hit by Kevin Shattenkirk.
18:59 of 3rd period - Claude Giroux is hit by Dave Bolland and loses puck.
19:17 of 3rd period - Snap shot by Patrick Kane.
19:17 of 3rd period - Goal by Patrick Kane - Maple Leafs : 4 - Canadiens : 4.
19:17 of 3rd period - John Gibson from Maple Leafs was sent back in the game.
19:18 of 3rd period - Mika Zibanejad wins face-off versus Dustin Boyd in neutral zone.
19:23 of 3rd period - Wrist shot by Beau Bennett.
19:23 of 3rd period - Shot Blocked by Bryce Lampman.
Goals for this period are 1 for Maple Leafs vs 3 for Canadiens.
Shots for this period are 12 for Maple Leafs vs 13 for Canadiens.
Overtime #1
0:01 of 1st overtime period - Dave Bolland wins face-off versus Logan Couture in neutral zone.
0:08 of 1st overtime period - Slapshot by Brady Skjei.
0:08 of 1st overtime period - Shot Blocked by John Klingberg.
0:28 of 1st overtime period - Brady Skjei is hit by Logan Couture and loses puck.
0:41 of 1st overtime period - Icing by Brady Skjei.
0:42 of 1st overtime period - Brayden Schenn wins face-off versus Chris Kreider in Canadiens zone.
0:53 of 1st overtime period - Slapshot by Claude Giroux.
0:53 of 1st overtime period - Stopped by Allen York with a rebound.
1:15 of 1st overtime period - Snap shot by Greg Stewart.
1:15 of 1st overtime period - Shot Misses the Net.
3:51 of 1st overtime period - Brady Skjei is hit by Kevin Shattenkirk and loses puck.
4:33 of 1st overtime period - Patrick Kane is hit by Bryce Lampman and loses puck.
4:46 of 1st overtime period - Backhand shot by Ryan Parent.
4:46 of 1st overtime period - Stopped by Allen York with a rebound.
4:48 of 1st overtime period - Snap shot by Brayden Schenn.
4:48 of 1st overtime period - Shot Blocked by Philip Larsen.
4:50 of 1st overtime period - Slapshot by Claude Giroux.
4:50 of 1st overtime period - Deflect By Brayden Schenn.
4:50 of 1st overtime period - Stopped by Allen York without a rebound.
4:51 of 1st overtime period - Dustin Boyd wins face-off versus Brayden Schenn in Canadiens zone.
4:56 of 1st overtime period - John Klingberg is hit by Dustin Boyd and loses puck.
Goals for this period are 0 for Maple Leafs vs 0 for Canadiens.
Shots for this period are 3 for Maple Leafs vs 0 for Canadiens.
ShootOut
5:00 of 1st overtime period - Round #1.
5:00 of 1st overtime period - Maple Leafs, Claude Giroux.
5:00 of 1st overtime period - Backhand shot by Claude Giroux.
5:00 of 1st overtime period - Shot Misses the Net.
5:00 of 1st overtime period - Canadiens, Chris Kreider.
5:00 of 1st overtime period - Wrist shot by Chris Kreider.
5:00 of 1st overtime period - Stopped by John Gibson.
5:00 of 1st overtime period - Round #2.
5:00 of 1st overtime period - Maple Leafs, Patrick Kane.
5:00 of 1st overtime period - Snap shot by Patrick Kane.
5:00 of 1st overtime period - Goal by Patrick Kane.
5:00 of 1st overtime period - Canadiens, Evgeni Malkin.
5:00 of 1st overtime period - Snap shot by Evgeni Malkin.
5:00 of 1st overtime period - Stopped by John Gibson.
5:00 of 1st overtime period - Round #3.
5:00 of 1st overtime period - Maple Leafs, Brayden Schenn.
5:00 of 1st overtime period - Wrist shot by Brayden Schenn.
5:00 of 1st overtime period - Shot Misses the Net.
5:00 of 1st overtime period - Canadiens, Greg Stewart.
5:00 of 1st overtime period - Backhand shot by Greg Stewart.
5:00 of 1st overtime period - Goal by Greg Stewart.
5:00 of 1st overtime period - Round #4.
5:00 of 1st overtime period - Maple Leafs, Ben Smith.
5:00 of 1st overtime period - Wrist shot by Ben Smith.
5:00 of 1st overtime period - Stopped by Allen York.
5:00 of 1st overtime period - Canadiens, Steve Downie.
5:00 of 1st overtime period - Deke by Steve Downie.
5:00 of 1st overtime period - Stopped by John Gibson.
5:00 of 1st overtime period - Round #5.
5:00 of 1st overtime period - Maple Leafs, Logan Couture.
5:00 of 1st overtime period - Snap shot by Logan Couture.
5:00 of 1st overtime period - Shot Misses the Net.
5:00 of 1st overtime period - Canadiens, Dave Bolland.
5:00 of 1st overtime period - Snap shot by Dave Bolland.
5:00 of 1st overtime period - Goal by Dave Bolland.
Output by the SimonT Hockey Simulator (STHS) for Francois Prevost